[Event "*** Titled Tuesday Blitz"]
[Site "Chess.com"]
[Date "2020.12.29"]
[Round "6"]
[White "ChessQueen"]
[Black "OparinGrigoriy"]
[Result "0-1"]
[WhiteElo "2746"]
[BlackElo "2973"]
[TimeControl "180+1"]
[EndTime "11:06:23 PST"]
[Termination "OparinGrigoriy won by resignation"]

1. e4 e5 2. Nf3 Nc6 3. Bb5 a6 4. Ba4 Nf6 5. O-O Nxe4 6. d4 b5 7. Bb3 d5 8. dxe5 Be6 9. a4 b4 10. Nbd2 Nc5 11. c3 Be7 12. Nd4 Qd7 13. f4 Nxd4 14.
cxd4 Nxb3 15. Nxb3 O-O 16. Be3 a5 17. h3 f6 18. Qe2 Rac8 19. g4 f5 20. g5 c5 21.
Nxc5 Bxc5 22. dxc5 d4 23. Rfd1 Rxc5 24. Rxd4 Rd5 25. Rxd5 Qxd5 26. Rd1 Qb3 27. Qd3 Qxa4 28. Bc5 Re8 29. h4 Qc6 30. Bd6 Rc8 31. Rd2 Qc1+ 32.
Kg2 Qe1 33. Bc7 Qxh4 34. Bxa5 Qxf4 35. Qd6 Qxg5+ 36. Kf2 Qf4+ 37. Kg2 Qg4+ 38. Kf2 f4 39. Bxb4 h5 40. Bc5 h4 41. b4 h3 42. Rd1 h2 43.
Rh1 Qg3+ 44. Ke2 Qg2+ 45. Kd3 Bf5+ 46. Kd4 Qxh1 0-1

[Event "*** Titled Tuesday Blitz"]
[Site "Chess.com"]
[Date "2020.12.29"]
[Round "6"]
[White "Das_Virus_2020"]
[Black "anpospan"]
[Result "1/2-1/2"]
[WhiteElo "2477"]
[BlackElo "2320"]
[TimeControl "180+1"]
[EndTime "11:06:23 PST"]
[Termination "Game drawn by repetition"]

1. e4 b6 2. Nc3 Bb7 3. d4 e6 4. a3 Nf6 5. f3 d5 6. e5 Nfd7 7.
f4 g6 8. Nf3 c5 9. Be3 Ba6 10.
Nb5 Bxb5 11. Bxb5 a6 12. Bd3 Nc6 13. c3 b5 14. O-O Be7 15. Kh1 O-O 16. g4 b4 17. f5 bxc3 18. bxc3 cxd4 19. cxd4 Re8 20. Qe1 Qa5 21. Qg3 Qc3 22. Rad1 Rab8 23. f6 Bxa3 24. Qh4 Bf8 25. Bh6 Rec8 26. Ng5 Nxd4 27. Bxf8 Kxf8 28. Qxh7 Ke8 29. Qxf7+ Kd8 30. Bxa6 Rc6 31. Qe7+ Kc7 32. Rxd4 Qxd4 33. Nxe6+ Rxe6 34. Qxe6 Qe4+ 35. Kg1 Qe3+ 36.
Kh1 Qe4+ 37. Kg1 Qd4+ 38. Rf2 Rb1+ 39. Bf1 Nxe5 40. Qe7+ Kc6 41. Qe8+ Kc7 42. Qe7+ Kc6 43. Qe6+ Kc7 44. Qe7+ 1/2-1/2

[Event "*** Titled Tuesday Blitz"]
[Site "Chess.com"]
[Date "2020.12.29"]
[Round "6"]
[White "jcibarra"]
[Black "mbojan"]
[Result "1-0"]
[WhiteElo "2888"]
[BlackElo "2680"]
[TimeControl "180+1"]
[EndTime "11:06:25 PST"]
[Termination "jcibarra won by checkmate"]

1. e4 g6 2. d4 Bg7 3. Nf3 d6 4. Bc4 e6 5. O-O Ne7 6. Bb3 b6 7. c3 Nd7 8. Bf4 Bb7 9. Nbd2 h6 10. h4 a6 11. a4 Nf6 12. Qe2 Qd7 13. Rfe1 O-O 14.
Rad1 Bc6 15. Ra1 Bb7 16. Bc2 Kh8 17. e5 Nfd5 18. Bh2 Rae8 19. Ne4 f5 20. exd6 fxe4 21. dxe7 exf3 22.
exf8=Q+ Rxf8 23. Qxe6 Qxe6 24. Rxe6 fxg2 25. Be4 c6 26.
Bxd5 cxd5 27. Rxb6 Bc8 28. Rb8 Re8 29. Be5 Bxe5 30.
dxe5 Kg7 31. b4 Kf7 32. b5 axb5 33. axb5 g5 34. Ra7+ Ke6 35. hxg5 h5 36. Raa8 Kd7 37. Rxc8 Rxe5 38. Rd8+ Kc7 39. Rac8+ Kb6 40. g6 Rg5 41. Rb8+ Ka5 42. Rd7 Ka4 43. g7 d4 44.
g8=Q Rxg8 45. Rxg8 dxc3 46. Rc8 c2 47. Kxg2 h4 48.
Rxc2 h3+ 49. Kxh3 Ka5 50. b6 Kxb6 51. Rd1 Kb5 52. Rb1+ Ka4 53. Ra2# 1-0

[Event "*** Titled Tuesday Blitz"]
[Site "Chess.com"]
[Date "2020.12.29"]
[Round "6"]
[White "Iball95"]
[Black "GM4life"]
[Result "1-0"]
[WhiteElo "2616"]
[BlackElo "2433"]
[TimeControl "180+1"]
[EndTime "11:06:25 PST"]
[Termination "Iball95 won by checkmate"]

1. e4 c5 2. Nf3 d6 3. d4 cxd4 4. Nxd4 Nf6 5. f3 a6 6. c4 e6 7. Nc3 Be7 8. Be3 O-O 9. Be2 Nc6 10. O-O d5 11. cxd5 exd5 12. Nxc6 bxc6 13. e5 Nd7 14. f4 Rb8 15. b3 f5 16. Rc1 Nc5 17. Nxd5 cxd5 18.
Bxc5 Bxc5+ 19. Rxc5 Qb6 20. Qd4 Be6 21. Rfc1 a5 22.
Kh1 h6 23. Bf3 Rfd8 24. g3 Rbc8 25. Kg2 Kh7 26. R1c2 Rd7 27. Qf2 Rxc5 28. Qxc5 Qa6 29. Be2 Qa8 30. Qc6 Qg8 31. Rd2 d4 32. Bc4 Rd5 33. Kf2 d3 34. Bxd5 Bxd5 35. Qc3 Be4 36.
Rxd3 Bxd3 37. Qxd3 Qb8 38. Qxf5+ Kh8 39. Qe4 Qb6+ 40.
Qe3 Qb4 41. e6 Qe7 42. f5 Kh7 43. Qe4 Kh8 44. a3 h5 45. b4 axb4 46. axb4 Qa7+ 47. Kg2 Qa2+ 48. Kh3 Qa8 49. Qxa8+ Kh7 50. Qe4 Kh6 51. e7 g5 52. Qe6+ Kh7 53. Qg6+ Kh8 54. e8=Q# 1-0

[Event "*** Titled Tuesday Blitz"]
[Site "Chess.com"]
[Date "2020.12.29"]
[Round "6"]
[White "Meri-Arabidze"]
[Black "DenLaz"]
[Result "0-1"]
[WhiteElo "2631"]
[BlackElo "2819"]
[TimeControl "180+1"]
[EndTime "11:06:26 PST"]
[Termination "DenLaz won on time"]

1. d4 d5 2. c4 c6 3. Nf3 Nf6 4. Nc3 dxc4 5. a4 Bf5 6. e3 e6 7. Bxc4 Bb4 8. O-O O-O 9. Qe2 Nbd7 10. Bd2 Bg6 11. Rfd1 a5 12. h3 Qe7 13. Rac1 Rfe8 14.
Ne5 Nxe5 15. dxe5 Nd7 16. f4 Nc5 17. Be1 Bxc3 18. Bxc3 Nxa4 19. Rd6 Nxc3 20. Rxc3 Red8 21. Qd2 a4 22. Qd4 h5 23. e4 Qh4 24. Rd3 Rxd6 25. exd6 Qxf4 26. d7 Rd8 27. Qb6 Qc1+ 28. Kh2 Rxd7 29.
Rxd7 Qxc4 30. Rxb7 Qxe4 31. Qd8+ Kh7 32. Qg5 Qd4 33. Qg3 h4 34. Qc7 e5 35. Rb8 Qf4+ 36. Kg1 Be4 37. Qd8 Qe3+ 38. Kf1 Bd3+ 0-1

[Event "*** Titled Tuesday Blitz"]
[Site "Chess.com"]
[Date "2020.12.29"]
[Round "6"]
[White "vlad_Sid"]
[Black "Eloist"]
[Result "1-0"]
[WhiteElo "2577"]
[BlackElo "2359"]
[TimeControl "180+1"]
[EndTime "11:06:26 PST"]
[Termination "vlad_Sid won by resignation"]

1. c4 e5 2. g3 Nf6 3. Bg2 c6 4.
Nf3 e4 5. Nd4 d5 6. d3 exd3 7.
Qxd3 c5 8. Nb3 d4 9. e3 Nc6 10. exd4 cxd4 11. Bxc6+ bxc6 12. Qxd4 Qxd4 13. Nxd4 Bc5 14.
Nb3 Bb4+ 15. Bd2 Bxd2+ 16. N1xd2 Bh3 17. O-O-O O-O 18. f3 h5 19. Rhe1 Rfe8 20. Nc5 a5 21. Nde4 Nxe4 22. Nxe4 Bg2 23. Nd2 Rad8 24. f4 f6 25. Nb3 a4 26. Rxd8 Rxd8 27. Nc5 Rd4 28.
Nxa4 Rxc4+ 29. Nc3 h4 30. Re2 Bf3 31. Rf2 Bh1 32.
gxh4 Kh7 33. Kd2 Rb4 34. Kd3 Kg6 35. a3 Rb8 36. b4 Kf5 37. Kc4 Ra8 38. a4 Kg4 39.
Kc5 Kxh4 40. a5 Kg4 41. Na4 Kf5 42. Nb6 Ra7 43. Nc8 Bd5 44. Nxa7 1-0

[Event "*** Titled Tuesday Blitz"]
[Site "Chess.com"]
[Date "2020.12.29"]
[Round "6"]
[White "Enriquack"]
[Black "chescomhuynya"]
[Result "1-0"]
[WhiteElo "2398"]
[BlackElo "2578"]
[TimeControl "180+1"]
[EndTime "11:06:27 PST"]
[Termination "Enriquack won by resignation"]

1. e4 c5 2. Nf3 d6 3. d4 cxd4 4. Nxd4 Nf6 5. Nc3 a6 6. Bg5 Nbd7 7. Qe2 Qc7 8. O-O-O e6 9. f4 b5 10. a3 Bb7 11. g4 Be7 12. Bg2 h6 13. Bxf6 Nxf6 14. h4 Qc4 15. Qxc4 bxc4 16. Bf3 Nd7 17. g5 g6 18. h5 e5 19. hxg6 exd4 20. g7 Rg8 21.
gxh6 Nf6 22. Rxd4 Nh7 23. Bh5 Rc8 24. Re1 Rc5 25. Nd5 Bxd5 26. exd5 Nf6 27. Rde4 Rc7 28.
Bf3 Kd8 29. Rd4 Nh7 30. Be4 Nf6 31. Bf5 c3 32. b4 Rb7 33. Re3 Rc7 34. Kb1 Bf8 35.
gxf8=Q+ Rxf8 36. h7 Rh8 37. Rh3 Ke7 38. Ka2 Kf8 39.
Kb3 Kg7 40. Rxc3 Re7 41. Rdd3 Nxh7 42. Rg3+ Kf8 43. Rh3 Kg7 44. Rcg3+ Kf8 45. Bxh7 f6 46. Bd3 Rxh3 47. Rxh3 Re1 48. Rh7 Rf1 49. Ra7 Re1 50.
Rxa6 Re3 51. Rxd6 1-0

[Event "*** Titled Tuesday Blitz"]
[Site "Chess.com"]
[Date "2020.12.29"]
[Round "6"]
[White "Rud_Makarian"]
[Black "joppie2"]
[Result "1-0"]
[WhiteElo "2699"]
[BlackElo "2866"]
[TimeControl "180+1"]
[EndTime "11:06:28 PST"]
[Termination "Rud_Makarian won by resignation"]

1. d4 e6 2. Nf3 f5 3. Bg5 Be7 4. h4 Nf6 5. Nc3 b6 6. Bxf6 Bxf6 7. e4 fxe4 8. Nxe4 Bb7 9. Bd3 Nc6 10. c3 Qe7 11. Qe2 O-O-O 12. O-O-O Rhf8 13. Kb1 Kb8 14. Nxf6 gxf6 15. g3 Qg7 16. Rhe1 Ne7 17. Be4 Bxe4+ 18. Qxe4 Qg6 19. Kc2 f5 20. Qd3 f4 21. Qxg6 Nxg6 22.
g4 Kb7 23. h5 Ne7 24. Kd3 Rg8 25. Rg1 b5 26. g5 Rdf8 27. Rg4 Rf5 28. Rdg1 d6 29.
Nh4 Rf7 30. Re1 Nf5 31. Nxf5 Rxf5 32. Reg1 Kc6 33. Ke4 Rgf8 34. h6 f3 35. g6 hxg6 36. Rxg6 e5 37. h7 Rh5 38. dxe5 Rxe5+ 39. Kd3 Rd5+ 40.
Kc2 Rh8 41. Rh1 Re5 42. Rg8 Re2+ 43. Kb3 Rxh7 44. Rxh7 Rxf2 45. Rf7 a5 46. Rgf8 Kb6 47. Rxf3 Rh2 48. Rf2 Rh3 49. R8f3 Rh4 50. Rf4 Rh3 51. a4 b4 52. R2f3 Rh2 53. cxb4 axb4 54. Rxb4+ Ka5 55.
Rb5+ Ka6 56. Rf8 Ka7 57. Rf7 Ka6 58. Rxc7 d5 59. Rc6+ Ka7 60. Rxd5 Kb7 61. Rc3 1-0

[Event "*** Titled Tuesday Blitz"]
[Site "Chess.com"]
[Date "2020.12.29"]
[Round "6"]
[White "HanSchut"]
[Black "vinniethepooh"]
[Result "0-1"]
[WhiteElo "2261"]
[BlackElo "2702"]
[TimeControl "180+1"]
[EndTime "11:06:29 PST"]
[Termination "vinniethepooh won on time"]

1. e4 c5 2. Nf3 d6 3. d4 cxd4 4. Nxd4 Nf6 5. f3 e5 6. Bb5+ Nbd7 7. Nf5 d5 8. exd5 a6 9. Ba4 b5 10. Bb3 g6 11. Ne3 Nc5 12. O-O Bb7 13. Nc3 Bd6 14. Kh1 O-O 15. Qe1 Nh5 16. Ng4 f5 17. Nxe5 Re8 18. f4 Nd7 19. Bd2 Nxe5 20. fxe5 Rxe5 21.
Qf2 b4 22. Ne2 Re4 23. Rae1 Qe7 24. Nd4 Re8 25. Nc6 Qf6 26. Rxe4 Rxe4 27. Kg1 Rh4 28. g3 Rg4 29. Qb6 Bc8 30. Qd8+ Qxd8 31. Nxd8 f4 32. Kg2 fxg3 33. h3 Re4 34. Re1 Rh4 35.
Ne6 Bd7 36. Bg5 Bxe6 37. dxe6 Rd4 38. e7+ Kg7 39. e8=Q Nf4+ 40. Bxf4 Bxf4 41. Re7+ Kh6 42. Qf8+ Kg5 0-1

[Event "*** Titled Tuesday Blitz"]
[Site "Chess.com"]
[Date "2020.12.29"]
[Round "6"]
[White "vladjianu"]
[Black "Sharpchess22"]
[Result "0-1"]
[WhiteElo "2591"]
[BlackElo "2809"]
[TimeControl "180+1"]
[EndTime "11:06:30 PST"]
[Termination "Sharpchess22 won by resignation"]

1. d4 Nf6 2. Nf3 e6 3. g3 d5 4. Bg2 Be7 5. O-O O-O 6. c4 c6 7. Nbd2 b6 8. Qc2 Nbd7 9. Ne5 Nxe5 10. dxe5 Nd7 11. f4 Bb7 12. e4 d4 13. b3 c5 14.
Nf3 b5 15. cxb5 Qb6 16. a4 a6 17. a5 Qxb5 18. Nd2 Rad8 19. Nc4 Nb8 20. Bd2 Nc6 21. Qd3 Nb4 22. Bxb4 Qxb4 23. f5 Bg5 24. h4 Bh6 25. Kh2 Qc3 26. Rad1 g6 27. g4 Qxd3 28. Rxd3 Rfe8 29. Nd6 Re7 30. f6 Red7 31. g5 Bf8 32. Nxb7 Rxb7 33. Rff3 h5 34. Bf1 Rb5 35. Rd2 Rxa5 36.
Bc4 Rb8 37. Kg3 Rb4 38. Rc2 Ra1 39. Rd3 a5 40. Rdd2 a4 41. bxa4 Raxa4 42. Bf1 Ra3+ 43. Rd3 Rxd3+ 44. Bxd3 Rb3 45. Kf4 Rxd3 46. Rxc5 Rf3+ 47. Kxf3 Bxc5 48. Ke2 d3+ 49. Kxd3 Bf2 0-1

[Event "*** Titled Tuesday Blitz"]
[Site "Chess.com"]
[Date "2020.12.29"]
[Round "6"]
[White "AliKa2810"]
[Black "omer1997"]
[Result "1-0"]
[WhiteElo "2596"]
[BlackElo "2373"]
[TimeControl "180+1"]
[EndTime "11:06:30 PST"]
[Termination "AliKa2810 won on time"]

1. Nf3 d5 2. g3 Nf6 3. Bg2 Bg4 4. O-O e6 5. h3 Bxf3 6. Bxf3 Be7 7. d3 O-O 8. Bg2 Nbd7 9. Nc3 c6 10. e4 dxe4 11. Nxe4 Nxe4 12. Bxe4 Nf6 13. Bg2 Bc5 14. Qe2 Qb6 15.
c3 h6 16. d4 Be7 17. b3 Rfd8 18. Bb2 a5 19. c4 a4 20. Rab1 axb3 21. axb3 Ra2 22. Qf3 Ba3 23. Bc3 Bb4 24. Bb2 Ba3 25. Ba1 Be7 26. b4 Rxa1 27. Rxa1 Rxd4 28. Ra8+ Kh7 29.
b5 cxb5 30. cxb5 Qxb5 31. Qxb7 Qxb7 32. Bxb7 Rd2 33. Rc8 Nd5 34. Re1 Bf6 35. Ba6 Bd4 36.
Rf1 g6 37. h4 Kg7 38. Bc4 Nc3 39. Kg2 Ne4 40. Rc7 Nxf2 41. Bxe6 Ne4+ 42. Kf3 Nd6 43.
Bxf7 Nxf7 44. Ke4 Bf6 45. Rc6 1-0

[Event "*** Titled Tuesday Blitz"]
[Site "Chess.com"]
[Date "2020.12.29"]
[Round "6"]
[White "ExcitingTrap"]
[Black "Alexey_Ustinov"]
[Result "1-0"]
[WhiteElo "2355"]
[BlackElo "2452"]
[TimeControl "180+1"]
[EndTime "11:06:30 PST"]
[Termination "ExcitingTrap won on time"]

1. e4 d5 2. exd5 Qxd5 3. Nc3 Qa5 4. d4 Nf6 5. Bd2 Bg4 6. Be2 Bxe2 7. Qxe2 Nc6 8. Nf3 O-O-O 9. Qc4 e6 10. O-O Qb4 11.
Qxb4 Nxb4 12. Rac1 Nc6 13. Be3 h6 14. h3 Bb4 15.
Ne2 Ba5 16. c4 Ne7 17. Ne5 Rhf8 18. a3 c6 19. b4 Bc7 20. b5 Nd7 21. Nf3 Nf5 22.
bxc6 bxc6 23. Nc3 Nf6 24. Rfd1 Nxe3 25. fxe3 Kb7 26. Rb1+ Ka8 27. Na4 Rb8 28. Nc5 Rxb1 29. Rxb1 Rb8 30. Rxb8+ Kxb8 31. Kf2 Kc8 32. a4 Bd6 33.
Nd3 Kd8 34. Nd2 Kc7 35. e4 Bf8 36. e5 Nd7 37. c5 Be7 38. Ne4 Nb8 39. Nb4 Nd7 40. g4 f5 41. gxf5 exf5 42. Ng3 1-0

[Event "*** Titled Tuesday Blitz"]
[Site "Chess.com"]
[Date "2020.12.29"]
[Round "6"]
[White "MillyNeuf"]
[Black "frenchpin"]
[Result "1/2-1/2"]
[WhiteElo "2334"]
[BlackElo "2460"]
[TimeControl "180+1"]
[EndTime "11:06:30 PST"]
[Termination "Game drawn by repetition"]

1. e4 e6 2. d4 d5 3. Nd2 c5 4. exd5 exd5 5. Ngf3 Nc6 6. Bb5 Qe7+ 7. Qe2 Qxe2+ 8.
Kxe2 a6 9. Bxc6+ bxc6 10. Re1 f6 11. Kf1+ Kf7 12. dxc5 Bxc5 13. Nb3 Bd6 14. Be3 Rb8 15.
Rab1 Bf5 16. Nfd4 Bd7 17. Nf3 Ne7 18. Bc5 Nf5 19. Bxd6 Nxd6 20. Nc5 Bf5 21. Nd4 Bg6 22. b3 Rhc8 23. a4 a5 24. f3 Nb7 25. Nd7 c5 26. Nb5 Bxc2 27. Rbc1 Bxb3 28. Nxb8 Bc4+ 29. Rxc4 dxc4 30.
Na6 Rd8 31. Rc1 c3 32. Rxc3 Rd1+ 33. Ke2 Ra1 34. Nxc5 Nxc5 35. Rxc5 Ra2+ 36. Kf1 Rxa4 37. Nc7 Ra2 38. Rc6 h5 39. Ra6 h4 40. h3 Kg6 41.
Nb5 Kf5 42. Nd4+ Kf4 43. Ne2+ Kf5 44. Kf2 g5 45. Ra8 a4 46. Ra5+ Kg6 47. Ke3 Ra3+ 48. Kd4 Ra2 49. Ke3 Ra3+ 50. Kf2 Ra2 51. Ra7 Kf5 52. Kf1 Ra1+ 53. Kf2 Ra2 54. Ra5+ Kg6 1/2-1/2

[Event "*** Titled Tuesday Blitz"]
[Site "Chess.com"]
[Date "2020.12.29"]
[Round "6"]
[White "Abdimalik_Abdisalimov"]
[Black "chessuriel"]
[Result "0-1"]
[WhiteElo "2421"]
[BlackElo "2233"]
[TimeControl "180+1"]
[EndTime "11:06:30 PST"]
[Termination "chessuriel won on time"]

1. d4 Nf6 2. c4 e6 3. Nf3 Bb4+ 4. Bd2 Qe7 5. g3 O-O 6. Bg2 Nc6 7. O-O Bxd2 8. Nbxd2 e5 9. d5 Nb8 10. e4 d6 11. b4 a5 12. a3 Na6 13. Qb3 Nh5 14.
Qc3 g6 15. Rac1 axb4 16. axb4 b6 17. Nb3 f5 18. exf5 gxf5 19. c5 bxc5 20. bxc5 f4 21. cxd6 cxd6 22. Rfe1 Qg7 23. Nbd2 Bd7 24. Ne4 Qh6 25.
Nxd6 Qxd6 26. Nxe5 fxg3 27. fxg3 Rac8 28. Qe3 Rxc1 29.
Rxc1 Ng7 30. Nxd7 Qxd7 31. h3 Nf5 32. Qg5+ Qg7 33. Qxg7+ Kxg7 34. Kh2 Nb8 35. Rc7+ Kg6 36. g4 Nd6 37. Kg3 Rd8 38. h4 Na6 39. h5+ Kh6 40.
Kf4 Rf8+ 41. Kg3 Nxc7 42. Kh4 Rf4 43. Kg3 Rd4 0-1

[Event "*** Titled Tuesday Blitz"]
[Site "Chess.com"]
[Date "2020.12.29"]
[Round "6"]
[White "Semen_Khanin"]
[Black "Alomaterapia"]
[Result "0-1"]
[WhiteElo "2787"]
[BlackElo "2523"]
[TimeControl "180+1"]
[EndTime "11:06:31 PST"]
[Termination "Alomaterapia won by checkmate"]

1. e4 e5 2. Nf3 Nc6 3. Bc4 Nf6 4. d3 h6 5. O-O d6 6. a4 g5 7. c3 Bg7 8. Nbd2 g4 9. Ne1 Nh5 10. g3 f5 11. f3 f4 12. fxg4 Nf6 13. h3 h5 14. g5 Bxh3 15. gxf4 Bxf1 16. Nxf1 exf4 17. gxf6 Qxf6 18. Nf3 O-O-O 19. N1h2 Kb8 20. Bd2 Ne7 21. Qe2 d5 22. Ba2 Qb6+ 23. Kh1 Qxb2 24. Qe1 dxe4 25. dxe4 Rxd2 26. Nxd2 Bxc3 27. Rd1 Qxa2 28. Qh4 Qc2 29. Rg1 Nc8 30. Ndf3 Qxe4 31. Qg5 Qxa4 32. Qc5 Qb4 33.
Qf5 a5 34. Rb1 Qc4 35. Rc1 Nd6 36. Qc2 Ne4 37. Rb1 Rg8 38. Nf1 Qc6 39. Qe2 Bb4 40.
Kh2 Nc3 41. Qd3 Nxb1 42. Kh3 Nc3 43. N1h2 Ne4 44. Kh4 Qf6+ 45. Kxh5 Qh8# 0-1

[Event "*** Titled Tuesday Blitz"]
[Site "Chess.com"]
[Date "2020.12.29"]
[Round "6"]
[White "malakismayil"]
[Black "Schack-Hugo"]
[Result "1-0"]
[WhiteElo "2306"]
[BlackElo "2162"]
[TimeControl "180+1"]
[EndTime "11:06:31 PST"]
[Termination "malakismayil won on time"]

1. e4 c5 2. Nf3 d6 3. d4 cxd4 4. Nxd4 Nf6 5. Nc3 a6 6. Bc4 e6 7.
O-O Nbd7 8. Be3 Nc5 9. Bd3 Nxd3 10. cxd3 Be7 11. f4 O-O 12. Kh1 Qd7 13. Qe2 b5 14. a3 Bb7 15. Rac1 Rac8 16. h3 Ne8 17. f5 e5 18. Nf3 f6 19. d4 Nc7 20. d5 a5 21. Qf2 b4 22. axb4 axb4 23. Ne2 Na6 24.
g4 Nc5 25. Bxc5 dxc5 26. Rfd1 c4 27. Qb6 Bc5 28. Qe6+ Qxe6 29. fxe6 Bd6 30. Rc2 Rc7 31. Rdc1 Rfc8 32. Nd2 Ba6 33. Ng3 g6 34. h4 Kf8 35.
h5 Ke7 36. Kg2 c3 37. bxc3 Rxc3 38. Rxc3 Rxc3 39. Ra1 Bd3 40. Ra7+ Rc7 41. Ra8 Rc2 42. Ra7+ Kd8 43. Rd7+ Ke8 44. Rxd6 Rxd2+ 45. Kf3 b3 46. Rb6 b2 47. Rb8+ Ke7 48. Rb7+ Ke8 49. Rb8+ Ke7 50.
Rb7+ Kd6 51. e7 b1=Q 52. Rxb1 Kxe7 53. Rb7+ Kd6 54. Rxh7 g5 55. Rf7 Kc5 56. Rxf6 Kd4 57. d6 1-0

[Event "*** Titled Tuesday Blitz"]
[Site "Chess.com"]
[Date "2020.12.29"]
[Round "6"]
[White "Harsha_Bharathakoti"]
[Black "ftorodent"]
[Result "1-0"]
[WhiteElo "2827"]
[BlackElo "2636"]
[TimeControl "180+1"]
[EndTime "11:06:32 PST"]
[Termination "Harsha_Bharathakoti won on time"]

1. c4 e6 2. Nf3 d5 3. d4 Nf6 4.
Nc3 Be7 5. Bf4 O-O 6. e3 Nbd7 7. Qc2 c5 8. cxd5 Nxd5 9. Nxd5 exd5 10. Bd3 g6 11.
dxc5 Nxc5 12. O-O Nxd3 13. Qxd3 Bf5 14. Qd2 Qb6 15. Be5 Be4 16. Bc3 Bxf3 17. gxf3 Bf6 18. Rac1 Rfd8 19. Ba5 Qe6 20. Bxd8 Rxd8 21. Kh1 d4 22. e4 d3 23. Qe3 Bxb2 24. Rcd1 Qc4 25. Qxa7 b5 26. Qe7 Qd4 27. Rb1 Bc3 28. Kg2 d2 29.
Rfd1 b4 30. a4 Rd7 31. Qe8+ Kg7 32. a5 Ra7 33. Qb5 Rc7 34. a6 Rc5 35. Qe2 Rg5+ 36. Kh1 Qe5 37. Qe3 Bd4 38. f4 Bxe3 39. fxe5 Bxf2 40.
Rxd2 Bc5 41. Rd5 Ba7 42. Rd7 Bc5 43. a7 1-0

[Event "*** Titled Tuesday Blitz"]
[Site "Chess.com"]
[Date "2020.12.29"]
[Round "6"]
[White "LimeInTheCoconut"]
[Black "klimkoj"]
[Result "0-1"]
[WhiteElo "2369"]
[BlackElo "2584"]
[TimeControl "180+1"]
[EndTime "11:06:32 PST"]
[Termination "klimkoj won on time"]

1. d4 Nf6 2. c4 e6 3. Nc3 Bb4 4.
e3 O-O 5. Bd2 c5 6. dxc5 Bxc5 7.
Nf3 Nc6 8. Be2 d6 9. O-O Bd7 10. Na4 Qc7 11. Nxc5 dxc5 12. Qc1 e5 13. Rd1 Bg4 14. h3 Bh5 15. Kf1 e4 16. Ng1 Bxe2+ 17. Nxe2 Qh2 18. Bc3 Kh8 19. Bxf6 gxf6 20. Qc3 Ne5 21.
Nf4 Rad8 22. Ke2 Rxd1 23. Rxd1 Rg8 24. Rd7 Rxg2 25. Nxg2 Qxg2 26. Rd8+ Kg7 27. Qe1 Nxc4 28. Qf1 Qf3+ 29. Ke1 Nxb2 30. Qg1+ Kh6 31. Qg3 Nd3+ 32.
Kd2 Qxf2+ 33. Qxf2 Nxf2 34. Rd7 b6 35. Rxa7 b5 36. Rb7 b4 37. Rb5 Nd3 38. Rb8 Kg6 39. Rg8+ Kf5 40. Rg4 c4 41. Rh4 c3+ 42. Kc2 Ne5 43.
Rxh7 Nc4 44. Kb3 Nxe3 45. Rxf7 Nd5 46. h4 e3 47. h5 e2 48. Rf8 e1=Q 0-1

[Event "*** Titled Tuesday Blitz"]
[Site "Chess.com"]
[Date "2020.12.29"]
[Round "6"]
[White "Sjakkerntobi"]
[Black "djano"]
[Result "1-0"]
[WhiteElo "2335"]
[BlackElo "2445"]
[TimeControl "180+1"]
[EndTime "11:06:32 PST"]
[Termination "Sjakkerntobi won by resignation"]

1. e4 c5 2. Nf3 g6 3. d4 cxd4 4. Nxd4 Nc6 5. Nc3 Bg7 6. Be3 Nf6 7. Bc4 O-O 8. Bb3 Re8 9. O-O d6 10. h3 Na5 11. f4 Nxb3 12. axb3 Nd7 13. Qf3 Nc5 14.
Rae1 Bd7 15. e5 Ne6 16. Nxe6 Bxe6 17. Qxb7 dxe5 18. fxe5 Qa5 19. Bf4 Qc5+ 20. Kh1 a5 21.
Qf3 Red8 22. Rf2 Rac8 23. Ne4 Qc6 24. Ng5 Bd5 25. Qg3 h6 26. Nf3 Be4 27. c3 Qb7 28. Nd4 e6 29. Qe3 Bd5 30. Bxh6 Bh8 31. Qf4 Rd7 32. Bg5 Bg7 33. Bf6 Bxb3 34. Bxg7 Kxg7 35. Qf6+ Kg8 36. Rf4 Bd1 37. Rxd1 g5 38. Qxg5+ Kf8 39. Qh6+ Ke8 40. Qh8+ Ke7 41. Qf6+ Ke8 42. Rg4 Re7 43. Rg8+ Kd7 44. Nf3+ Kc7 45. Qxe7+ 1-0

[Event "*** Titled Tuesday Blitz"]
[Site "Chess.com"]
[Date "2020.12.29"]
[Round "6"]
[White "KubaGepard"]
[Black "GameOverBro"]
[Result "0-1"]
[WhiteElo "2282"]
[BlackElo "2464"]
[TimeControl "180+1"]
[EndTime "11:06:32 PST"]
[Termination "GameOverBro won on time"]

1. e4 Nf6 2. e5 Nd5 3. c4 Nb6 4. d4 d6 5. exd6 exd6 6. Nc3 Be7 7. Be3 O-O 8. Nf3 Be6 9. d5 Bg4 10. b3 Bf6 11. Rc1 Re8 12. Be2 N8d7 13. h3 Bh5 14.
O-O a5 15. a4 Nc5 16. Bxc5 dxc5 17. Nd2 Bg6 18. Bf3 Nc8 19. Nde4 Bd4 20. Re1 Bxe4 21. Rxe4 Bxc3 22. Rxc3 Rxe4 23. Bxe4 Nd6 24. Bb1 Qf6 25.
Rf3 Qb2 26. Qd3 g6 27. Re3 Nf5 28. Re2 Qc1+ 29. Kh2 Qf4+ 30. g3 Qd6 31. Re4 Nd4 32. Qe3 Kf8 33. Kg2 b6 34. h4 h5 35. Qh6+ Kg8 36.
Re3 Qf6 37. Be4 Rd8 38. Bd3 Rf8 39. Be4 Qg7 40. Qxg7+ Kxg7 41. Bf3 Kf6 42. Bd1 Rd8 43. f4 Nf5 44. Re5 Nd6 45. Kf3 Rd7 46. Re3 Kg7 47.
Re6 fxe6 0-1

[Event "*** Titled Tuesday Blitz"]
[Site "Chess.com"]
[Date "2020.12.29"]
[Round "6"]
[White "AttilaTurzo"]
[Black "Chesswizard_2007"]
[Result "0-1"]
[WhiteElo "2489"]
[BlackElo "2667"]
[TimeControl "180+1"]
[EndTime "11:06:33 PST"]
[Termination "Chesswizard_2007 won by checkmate"]

1. d4 Nf6 2. Nf3 d5 3. Bf4 e6 4. e3 Bd6 5. Bg3 O-O 6. Nbd2 b6 7. c3 Bb7 8. Bd3 c5 9. Qe2 Nc6 10. Rd1 h6 11. e4 Be7 12. e5 Nh5 13. O-O Nxg3 14.
hxg3 cxd4 15. Nxd4 Rc8 16. Nxc6 Bxc6 17. Nf3 a5 18. Nd4 Ba4 19. Rde1 Bc5 20. f4 g6 21. g4 Qh4 22. Qf3 Bd7 23. g3 Qe7 24. Kg2 Bxd4 25. cxd4 Qb4 26. Qf2 Bb5 27. Bxb5 Qxb5 28. f5 Qd3 29.
Re2 b5 30. Rh1 Rc4 31. Rd2 Qe4+ 32. Qf3 Rxd4 33. Rxd4 Qxd4 34. f6 Qxb2+ 35. Kh3 Qxe5 36. Rc1 b4 37. Rc2 a4 38. Re2 Qc3 39. Qf4 a3 40.
Qxh6 Qxf6 41. Qe3 Kg7 42. g5 Rh8+ 43. Kg2 Qc3 44. Qf3 Qxf3+ 45. Kxf3 b3 46. axb3 Rb8 47. Ra2 Rxb3+ 48. Kf4 f6 49. g4 e5# 0-1

[Event "*** Titled Tuesday Blitz"]
[Site "Chess.com"]
[Date "2020.12.29"]
[Round "6"]
[White "CM_rui"]
[Black "Sueetin"]
[Result "0-1"]
[WhiteElo "2344"]
[BlackElo "2490"]
[TimeControl "180+1"]
[EndTime "11:06:33 PST"]
[Termination "Sueetin won by checkmate"]

1. e4 e6 2. d4 d5 3. Nc3 Nf6 4. e5 Nfd7 5. f4 c5 6. Nf3 Nc6 7. Be3 Be7 8. Ne2 b5 9. c3 a5 10. g3 b4 11. Bg2 bxc3 12. bxc3 cxd4 13. cxd4 Bb4+ 14. Bd2 Ba6 15. a3 Be7 16. O-O Nb6 17. f5 exf5 18. Qc2 Rc8 19. Qxf5 g6 20. Qf4 Bxe2 21.
Ng5 O-O 22. Nxf7 Bxf1 23. Rxf1 Qd7 24. Qh6 Nxd4 25. Bh3 Qb5 26. e6 Ne2+ 27. Kh1 d4 28. Bg2 Rc2 29. Bf4 Nxf4 30. Qxf4 Nd5 31. Nh6+ Kg7 32.
Qxd4+ Kxh6 33. Rxf8 Rc1+ 34. Bf1 Rxf1+ 35. Kg2 Rxf8 36.
Qd2+ Kg7 37. Qd4+ Bf6 38. Qd2 Qb2 39. Qxb2 Bxb2 40. e7 Nxe7 41. g4 Bxa3 42. Kg3 Bb4 43. g5 a4 44. Kg4 a3 45. h4 a2 46. h5 a1=Q 47. h6+ Kg8 48. Kh4 Qg1 49. Kh3 Rf3+ 50.
Kh4 Qg3# 0-1

[Event "*** Titled Tuesday Blitz"]
[Site "Chess.com"]
[Date "2020.12.29"]
[Round "6"]
[White "sergiochess83"]
[Black "Alexander_Zubov"]
[Result "1-0"]
[WhiteElo "2809"]
[BlackElo "2928"]
[TimeControl "180+1"]
[EndTime "11:06:34 PST"]
[Termination "sergiochess83 won on time"]

1. e4 c5 2. Nf3 e6 3. d4 cxd4 4. Nxd4 a6 5. Bd3 Bc5 6. Nb3 Be7 7. Qg4 g6 8. Qg3 d6 9. Nc3 Nc6 10. Bd2 Ne5 11. O-O-O b5 12. f4 Nxd3+ 13. Qxd3 Nf6 14.
a3 Bb7 15. Rhf1 Rc8 16. Kb1 Rc4 17. e5 Nd5 18. exd6 Bxd6 19. Na5 Qxa5 20. Nxd5 Qd8 21.
Ba5 Qxa5 22. Nf6+ Ke7 23. Qxd6+ Kxf6 24. Qe5+ Ke7 25. Qxh8 Bxg2 26. Rf2 Be4 27. Rfd2 Qc7 28. Rc1 h5 29. h4 Bf5 30. Qa8 a5 31. Qa6 b4 32. axb4 axb4 33. b3 Rc3 34. Kb2 Qxf4 35.
Qb7+ Kf6 36. Rd7 Qe3 37. Rxf7+ Ke5 38. Qxb4 Rc6 39. Re1 Rxc2+ 40. Ka3 Re2 41. Qb5+ Kf4 42. Rxe2 Qc1+ 43. Kb4 1-0